 Dungeon Crawl Stone Soup version 0.17-a0-1393-gcb420ff (webtiles) character file.

104 bal the Skirmisher (level 4, -5/55 HPs)
             Began as a Demonspawn Berserker on June 16, 2015.
             Was a Believer of Trog.
             Slain by a gnoll
             ... wielding a +0 spear
              (8 damage)
             ... on level 2 of the Dungeon.
             The game lasted 00:03:55 (673 turns).

bal the Skirmisher (Demonspawn Berserker)            Turns: 673, Time: 00:03:56

Health: -5/55      AC: 10    Str: 24    XL:     4   Next: 52%
Magic:  4/4        EV: 12    Int: 12    God:    Trog [**....]
Gold:   55         SH:  0    Dex: 12    Spells: 0 memorised, 3 levels left

rFire  x . .     SeeInvis .     a - +0 hand axe
rCold  . . .     Clarity  .     o - +0 ring mail
rNeg   . . .     SustAt   .     (no shield)
rPois  .         Gourm    .     v - +2 helmet of Curiosity {rF- Int+4 Stlth+}
rElec  .         Spirit   .     n - +1 cloak
rCorr  .         Warding  .     (no gloves)
rMut   .         Stasis   .     (no boots)
MR     .....                    (no amulet)
Stlth  ..........               (no ring)
                                (no ring)

@: berserking, about to teleport, very quick, not resistant to hostile
enchantments, extremely unstealthy
A: powered by death 1
a: Burn Spellbooks, Berserk, Trog's Hand, Renounce Religion


You were on level 2 of the Dungeon.
You worshipped Trog.
Trog was pleased with you.
You were hungry.

You visited 1 branch of the dungeon, and saw 2 of its levels.

You collected 55 gold pieces.

Inventory:

Hand weapons
 a - a +0 hand axe (weapon)
Missiles
 k - 4 needles of frenzy
Armour
 b - a +0 animal skin
 n - a +1 cloak (worn)
 o - a +0 ring mail (worn)
 v - the +2 helmet of Curiosity (worn) {rF- Int+4 Stlth+}
   (You took it off Robin on level 2 of the Dungeon)

   It affects your intelligence (+4).
   It makes you vulnerable to fire.
   It makes you more stealthy.
Scrolls
 e - a scroll of enchant weapon {unknown}
 g - 2 scrolls of immolation {unknown}
 j - a scroll of random uselessness {unknown}
 p - a scroll of teleportation {unknown}
 s - a scroll of remove curse {unknown}
Potions
 f - a potion of invisibility {unknown}
 h - 2 potions of resistance {unknown}
 l - 2 potions of might {unknown}
 m - 6 potions of curing {unknown}
 q - a potion of agility {unknown}
 t - a potion of poison {unknown}
Comestibles
 c - 2 bread rations
 i - a beef jerky
 r - 3 chunks of flesh
 u - a meat ration


   Skills:
 + Level 4.0 Fighting
 + Level 3.3 Axes
 + Level 2.2 Armour
 + Level 2.6 Dodging


You had 3 spell levels left.
You didn't know any spells.

Dungeon Overview and Level Annotations

Branches:
Dungeon (2/15)

Altars:


Innate Abilities, Weirdness & Mutations

You regenerate a little health from kills.


Message History

Trog accepts your kill. The gnoll hits you but does no damage.
You feel strangely unstable. The gnoll barely misses you.
The gnoll barely misses you.
A gnoll comes into view. It is wielding a spear.
Things that are here:
a club; 7 gold pieces; a goblin corpse You barely miss the gnoll.
The gnoll shouts!
You hit the gnoll.
The gnoll is moderately wounded.
The gnoll completely misses you. The gnoll barely misses you.
You slash the gnoll!
The gnoll is severely wounded.
You closely miss the gnoll.
The gnoll is moderately wounded.
The gnoll hits you but does no damage. Space warps horribly around you!
* * * LOW HITPOINT WARNING * * *
The gnoll hits you with a spear!
You die...

...........)))).(........
...........))<.....######
####..####.#########
.........# ###.#....#
#.###..# #......#
#..##..## # #@).#
##..###gg.# ..>...g...#
....%....## ..........#
..........# ..........#
...w......# ..........#


You could see a worm and 3 gnolls.

Vanquished Creatures
  Ijyb (D:2)
  Robin (D:2)
  A gnoll (D:2)
  2 adders (D:2)
  An ooze (D:1)
  A worm (D:2)
  2 bats (D:2)
  7 hobgoblins
  2 kobolds
  2 giant cockroaches (D:2)
  2 giant newts
  10 goblins
  3 rats
35 creatures vanquished.

Notes
Turn   | Place    | Note
--------------------------------------------------------------
     0 | D:1      | bal the Demonspawn Berserker began the quest for the Orb.
     0 | D:1      | Reached XP level 1. HP: 18/18 MP: 1/1
   167 | D:1      | Gained mutation: You regenerate a little health from kills. [demonic ancestry]
   167 | D:1      | Reached XP level 2. HP: 12/24 MP: 2/2
   563 | D:2      | Noticed Robin
   570 | D:2      | Reached XP level 3. HP: 29/29 MP: 3/3
   571 | D:2      | Killed Robin
   574 | D:2      | Noticed Ijyb
   583 | D:2      | Killed Ijyb
   583 | D:2      | Reached XP level 4. HP: 37/37 MP: 4/4
   593 | D:2      | Acquired Trog's second power
   638 | D:2      | Got a slimy helmet
   644 | D:2      | Identified the +2 helmet of Curiosity {rF- Int+4 Stlth+} (You took it off Robin on level 2 of the Dungeon)
   670 | D:2      | Reached skill level 4 in Fighting
   673 | D:2      | Slain by a gnoll

Vault maps used:
D:1:      saegor_arrival_simple_c
D:2:      nicolae_ru_sacrificial_ziggurat, uniq_iyjb, uniq_crazy_yiuf_cottage,
          uniq_robin

Action                   |  1- 3 |  4- 6 || total
-------------------------+-------+-------++-------
Melee: Hand axe          |    51 |    20 ||    71
Invok: Berserk           |     1 |     1 ||     2
  Use: Scroll            |       |     1 ||     1
